 Dungeon Crawl Stone Soup version 0.21-a0-94-gdd6ab6a (webtiles) character file.

152 Charly the Insei (level 5, -2/45 HPs)
             Began as a Centaur Monk on July 3, 2017.
             Was a Believer of Wu Jian.
             Shot with an arrow by a centaur (7 damage)
             ... on level 8 of the Dungeon.
             The game lasted 00:09:21 (887 turns).

Charly the Insei (Centaur Monk)                      Turns: 887, Time: 00:09:21

Health: -2/45      AC:  5    Str: 13    XL:     5   Next: 11%
Magic:  5/5        EV:  9    Int:  9    God:    Wu Jian [**....]
Gold:   108        SH:  0    Dex: 13    Spells: 4/4 levels left

rFire    . . .     SeeInvis .     - Unarmed
rCold    . . .     Gourm    .   (no shield)
rNeg     . . .     Faith    .   f - +0 ring mail
rPois    .         Spirit   .   (no helmet)
rElec    .         Reflect  .   (no cloak)
rCorr    .         Harm     .   (no gloves)
MR       .....                  (no barding)
Stlth    +.........             (no amulet)
HPRegen  0.15/turn              (no ring)
MPRegen  0.09/turn              (no ring)

@: very quick
A: hooves 3, deformed body, speed 2, tough skin 3
a: Renounce Religion


You were on level 8 of the Dungeon.
You worshipped Wu Jian.
Wu Jian was pleased with you.
You were not hungry.

You visited 2 branches of the dungeon, and saw 9 of its levels.

You collected 108 gold pieces.

Inventory:

Armour
 f - a +0 ring mail (worn)
Scrolls
 a - a scroll of blinking {unknown}
 c - a scroll of enchant weapon
 d - a scroll of identify
 e - a scroll of fog {unknown}
 g - a scroll of random uselessness {unknown}
 h - a scroll of magic mapping {unknown}
 k - a scroll of noise {unknown}
 l - a scroll of teleportation {unknown}
 m - a scroll of amnesia {unknown}
Potions
 i - a potion of haste
Comestibles
 b - a bread ration
 j - a meat ration


   Skills:
 - Level 3.0 Fighting
 - Level 2.1 Dodging
 - Level 1.1 Stealth
 + Level 5.9 Unarmed Combat


You had 4 spell levels left.
You didn't know any spells.

Dungeon Overview and Level Annotations

Branches:
Dungeon (8/15)             Temple (1/1) D:4
   Lair: D:8-11

Altars:
Ashenzari
Cheibriados
Dithmenos
Elyvilon
Fedhas
Gozag
Hepliaklqana
Kikubaaqudgha
Makhleb
Nemelex Xobeh
Okawaru
Qazlal
Ru
Sif Muna
Trog
Uskayaw
Vehumet
Wu Jian
Xom
Yredelemnul
The Shining One

Shops:
D:8 (

Annotations:
D:2 Natasha
D:6 Charly's ghost, amateur CeMo


Innate Abilities, Weirdness & Mutations

You have hooves in place of feet.
Armour fits poorly on your strangely shaped body.
You cover ground very quickly.
You have extremely tough skin. (AC +3)


Message History

There is an open door here.
Found an escape hatch in the floor.
A two-headed ogre comes into view.
It is wielding a giant spiked club and a giant club.
The two-headed ogre shouts in stereo!
Found Oqestelu's Antique Weapon Emporium. 2 orcs come into view.
The orc shouts! x2
An orc comes into view. It is wielding a short sword.
A centaur comes into view.
The centaur shouts!
The centaur wields a shortbow.
The centaur shoots an arrow.
The arrow closely misses you.
Found a stone staircase leading up.
You see here an arrow.
The centaur shoots an arrow.
The arrow hits you!
* * * LOW HITPOINT WARNING * * *
The centaur shoots an arrow.
The arrow hits you.
* * * LOW HITPOINT WARNING * * *
The centaur shoots an arrow.
The arrow hits you!
You die...

.. ..... ## .....# .#
.....#############.####.
##......................
##.....∩................
##..............@.......
##.........H............
##.........o............
##.........O.(..........
##.........o........<...
##........o.............
..........o.........c...
.......!................
..#...o.#######........


You could see a two-headed ogre, a hippogriff, an orc warrior, a centaur and 3
orcs.

Vanquished Creatures
  An ogre (D:5)
  A bullfrog zombie (D:8)
  2 adders (D:4)
  A ball python (D:2)
  A bat (D:1)
  4 giant cockroaches (D:4)
  A goblin (D:2)
  A hobgoblin (D:2)
  3 kobolds
  A quokka skeleton (D:4)
  4 rats
20 creatures vanquished.

Notes
Turn   | Place    | Note
-------+----------+-------------------------------------------
     0 | D:1      | Charly the Centaur Monk began the quest for the Orb.
     0 | D:1      | Reached XP level 1. HP: 19/19 MP: 1/1
   108 | D:2      | Reached XP level 2. HP: 14/26 MP: 2/2
   132 | D:2      | Noticed Natasha
   272 | D:3      | Noticed a scorpion
   375 | D:4      | Reached skill level 4 in Unarmed Combat
   452 | D:4      | Reached XP level 3. HP: 19/31 MP: 3/3
   485 | D:4      | Found a staircase to the Ecumenical Temple.
   493 | Temple   | Entered the Ecumenical Temple
   546 | Temple   | Became a worshipper of the Wu Jian Council
   546 | Temple   | Reached * piety under Wu Jian
   546 | Temple   | Reached ** piety under Wu Jian
   583 | D:5      | Entered Level 5 of the Dungeon
   608 | D:5      | Noticed an ogre
   664 | D:5      | Killed an ogre
   664 | D:5      | Reached skill level 5 in Unarmed Combat
   664 | D:5      | Reached XP level 4. HP: 11/38 MP: 4/4
   679 | D:5      | Noticed an ice beast
   770 | D:6      | Noticed Charly's ghost (amateur CeMo)
   862 | D:8      | Reached XP level 5. HP: 15/45 MP: 5/5
   865 | D:8      | Noticed an orc warrior
   865 | D:8      | Noticed a hippogriff
   872 | D:8      | Found Oqestelu's Antique Weapon Emporium.
   872 | D:8      | Noticed a two-headed ogre
   884 | D:8      | Noticed a centaur
   887 | D:8      | Shot with an arrow by a centaur

Vault maps used:
D:1:      dpeg_arrival_signposts, minmay_tiny_reverse_x
D:2:      serial_bayou_pond_d, uniq_natasha, uniq_jessica
D:4:      minmay_temple_entry_large_hall, gup_sewer_entry_spiral
D:5:      first_bread, kennysheep_generic_room_14
D:6:      zin_academy, uniq_duvessa, uniq_grinder
D:7:      grunt_decor_one_mirror
D:8:      special_room, serial_shops, shop, the_bakery, uniq_prince_ribbit1
Temple:   compressed_dpeg_triangle_lava_temple

Skill      XL: |  1  2  3 |
---------------+----------+-----
Unarmed Combat | 4 5 |  5.9
Fighting       | |  3.0
Dodging        | |  2.1
Stealth        | |  1.1

Action                   |  1- 3 |  4- 6 || total
-------------------------+-------+-------++-------
Melee: Unarmed           |    96 |     8 ||   104
       Kick              |    15 |     3 ||    18
       Punch             |     2 |       ||     2
  Use: Potion            |     1 |       ||     1
       Scroll            |       |     2 ||     2
Armor: Robe              |    22 |       ||    22
       Ring mail         |     9 |     5 ||    14
Dodge: Dodged            |    47 |     6 ||    53
